 Dungeon Crawl Stone Soup version 0.29.1-1-gd02db6906a (webtiles) character file.

Game seed: 12022405625449320344

7105 dave1331 the Cleaver (level 11, -8/95 HPs)
             Began as a Hill Orc Fighter on Oct 4, 2022.
             Was a Priest of Nemelex Xobeh.
             Mangled by a death yak (19 damage)
             ... on level 10 of the Dungeon on Oct 5, 2022.
             The game lasted 00:19:18 (10074 turns).

dave1331 the Cleaver (Hill Orc Fighter)            Turns: 10074, Time: 00:19:18

Health: -8/95      AC: 36    Str: 24    XL:     11   Next: 10%
Magic:  11/11      EV:  9    Int: 15    God:    Nemelex Xobeh [***...]
Gold:   579        SH:  5    Dex: 10    Spells: 10/10 levels left

rFire   . . .      SeeInvis +   u - +3 war axe (vorpal)
rCold   . . .      Faith    +   c - +0 buckler
rNeg    . . .      Spirit   .   x - +18 Lear's hauberk
rPois   .          Reflect  .   (helmet currently unavailable)
rElec   +          Harm     .   O - +1 cloak
rCorr   .          Rampage  .   (gloves currently unavailable)
Will    .....                   (boots currently unavailable)
Stlth   ..........              N - amulet of Noef Fos {Faith +Blink Regen+ Int+3 Slay-3}
HPRegen 1.05/turn               s - +4 ring of slaying
MPRegen 0.12/turn               q - ring of Truth {Fly rElec AC+4 Int+4 SInv}

@: flying
A: no striking features
a: Renounce Religion, Evoke Blink, Draw Escape, Draw Destruction, Draw
Summoning, Triple Draw


You were on level 10 of the Dungeon.
You worshipped Nemelex Xobeh.
Nemelex Xobeh was most pleased with you.
You visited 1 branch of the dungeon, and saw 10 of its levels.

You collected 579 gold pieces.

Inventory:

Hand Weapons
 a - a +1 war axe
 u - a +3 vorpal war axe (weapon)
Missiles
 v - a throwing net (quivered)
Armour
 b - a +1 scale mail
 c - a +0 buckler (worn)
 m - a +0 helmet
 p - a +0 pair of boots
 x - the +18 Lear's hauberk (worn)
   (You found it on level 4 of the Dungeon)
 O - a +1 cloak (worn)
Jewellery
 n - an amulet of magic regeneration
 q - the ring of Truth (right hand) {Fly rElec AC+4 Int+4 SInv}
   (You found it on level 4 of the Dungeon)

   [ring of protection]

   AC:        It affects your AC (+4).
   Int:       It affects your intelligence (+4).
   rElec:     It insulates you from electricity.
   SInv:      It lets you see invisible.
   Fly:       It grants you flight.
 s - a +4 ring of slaying (left hand)
 D - a +4 ring of evasion
 E - a ring of fire
 F - an amulet of guardian spirit
 K - a ring of see invisible
 N - the amulet of Noef Fos (around neck) {Faith +Blink Regen+ Int+3 Slay-3}
   (You found it on level 9 of the Dungeon)

   [amulet of faith]

   It allows you to gain divine favour quickly.
   Int:       It affects your intelligence (+3).
   Slay:      It affects your accuracy & damage with ranged weapons and melee
   (-3).
   +Blink:    It lets you blink.
   Regen:     It increases your rate of health regeneration.
Wands
 A - a wand of iceblast (13)
 B - a wand of flame (22)
 I - a wand of polymorph (19)
Scrolls
 e - 4 scrolls of noise
 g - 3 scrolls of magic mapping
 j - 3 scrolls of fear
 o - 3 scrolls of vulnerability
 t - 5 scrolls of teleportation
 y - 2 scrolls of fog
 J - a scroll of blinking
 L - a scroll of brand weapon {unknown}
 P - a scroll of identify
Potions
 d - a potion of might
 f - 2 potions of mutation
 h - a potion of invisibility
 i - 6 potions of magic
 k - a potion of berserk rage {unknown}
 l - 4 potions of lignification
 r - 3 potions of flight
 w - 3 potions of heal wounds {unknown}
 z - a potion of curing {unknown}
 C - 2 potions of haste
 G - a potion of cancellation {unknown}
 H - a potion of ambrosia {unknown}
 M - a potion of experience {unknown}


   Skills:
 + Level 8.4 Fighting
 + Level 14.7 Axes
 + Level 9.9 Armour
 + Level 2.8 Dodging
 + Level 1.2 Stealth
 + Level 6.3 Shields


You had 10 spell levels left.
You didn't know any spells.
Your spell library contained the following spells:

 Spells                   Type           Power      Damage    Failure   Level
 Sandblast                Erth           0%         2d4       88%         1
 Shock                    Conj/Air       0%         1d3       88%         1
 Blink                    Tloc           0%         N/A       95%         2
 Passwall                 Tmut/Erth      0%         N/A       95%         2
 Static Discharge         Conj/Air       0%         3-3/arc   95%         2
 Lesser Beckoning         Tloc           0%         N/A       99%         3
 Stone Arrow              Conj/Erth      0%         3d7       99%         3
 Swiftness                Air            0%         N/A       99%         3
 Airstrike                Air            0%         2d(0-16)  100%        4
 Dispel Undead            Necr           0%         3d6       100%        4
 Sticky Flame             Conj/Fire      0%         2d3       100%        4
 Manifold Assault         Tloc           0%         N/A       100%        5


Dungeon Overview and Level Annotations

Branches:
Dungeon (10/15)            Temple (0/1) D:5
   Lair: D:8-11         Orc: D:9-12

Altars:
Elyvilon
Gozag
Hepliaklqana
Kikubaaqudgha
Nemelex Xobeh
Okawaru
Qazlal
Ru
Sif Muna
Trog
Uskayaw
Vehumet
Wu Jian
Zin

Shops:
D:7 =:

Annotations:
D:4 1 transporter


Message History

The death yak misses you.
You barely miss the death yak.
The death yak is severely wounded.
You hit the death yak but do no damage. x2; The death yak closely misses you.
The death yak snorts and paws the ground.
The death yak gores you!
* * * LOW HITPOINT WARNING * * *
The death yak barely misses you.
You slash the death yak!
The death yak is almost dead.
You hit the death yak. You hit the death yak but do no damage.
The death yak gores you but does no damage.
The death yak closely misses you.
The death yak gores you but does no damage.
You slash the death yak!
You kill the death yak!
You hit the death yak but do no damage. You slash the death yak!
You have reached level 11!
You barely miss the death yak.
The death yak is moderately wounded.
You hit the death yak but do no damage.
The death yak gores you but does no damage. x2
You slice the death yak!!
The death yak is heavily wounded.
You slash the death yak!
You kill the death yak!
The unseen horror hits you but does no damage.
The death yak gores you but does no damage.
You hit the death yak but do no damage.
The death yak is heavily wounded.
You slash the unseen horror! The unseen horror hits you.
* * * LOW HITPOINT WARNING * * *
The death yak gores you!
* * * LOW HITPOINT WARNING * * *
You hit the death yak.
The death yak is severely wounded.
You slash the death yak! The death yak barely misses you.
The death yak gores you!!
You die...
Your body disappears without a glow.

##'##########
#.......# $...
#######'#### ....
#..........#
.#...
#..........#
.....
#..........# ....
#..........# #..#
#....).....##Yx.+
#..........'@Y#
##.........####
##........#
##.......#
##......#
##....)# #######


You could see 2 death yaks and an unseen horror (invisible).

Vanquished Creatures
  2 two-headed ogres
  3 death yaks (D:10)
  The ghost of NickelLess the Chopper, a novice HOFi (D:5)
  Sigmund (D:4)
  A wyvern (D:8)
  Menkaure (D:6)
  Duvessa (D:4)
  A water moccasin (D:7)
  An orc warrior (D:8)
  An ice beast (D:6)
  5 black bears
  2 ogres
  2 centaurs
  2 phantoms
  A kobold brigand (D:6)
  6 bullfrogs
  A necrophage (D:6)
  3 scorpions
  Dowan (D:4)
  5 wights (D:6)
  5 killer bees (D:8)
  A howler monkey (D:6)
  An electric eel (D:7)
  3 hounds
  3 jellies
  An orc priest (D:7)
  A gnoll bouda (D:4)
  Ijyb (D:4)
  Crazy Yiuf (D:4)
  2 iguanas
  6 orc wizards
  Robin (D:4)
  4 gnolls (D:4)
  9 adders
  3 white imps
  A worm (D:2)
  20 orcs
  7 endoplasms
  A giant cockroach (D:1)
  17 goblins
  12 hobgoblins
  5 jackals
  2 quokkas
  6 ball pythons
  5 bats
  A frilled lizard (D:1)
  11 kobolds
  5 rats
176 creatures vanquished.

Vanquished Creatures (others)
  8 plants (D:7)
8 creatures vanquished.

Grand Total: 184 creatures vanquished

Notes
Turn   | Place    | Note
-------+----------+-------------------------------------------
     0 | D:1      | dave1331 the Hill Orc Fighter began the quest for the Orb.
     0 | D:1      | Reached XP level 1. HP: 19/19 MP: 1/1
   300 | D:1      | Found a faded altar of an unknown god.
   400 | D:1      | Reached XP level 2. HP: 21/27 MP: 2/2
  1176 | D:2      | Reached skill level 3 in Axes
  1299 | D:2      | Reached XP level 3. HP: 33/33 MP: 3/3
  2005 | D:2      | Reached XP level 4. HP: 36/40 MP: 4/4
  2282 | D:3      | Reached skill level 4 in Axes
  3168 | D:4      | Reached XP level 5. HP: 23/47 MP: 5/5
  3173 | D:4      | Reached skill level 5 in Axes
  3338 | D:4      | Identified the ring of Truth {Fly rElec AC+4 Int+4 SInv}
  3450 | D:4      | Noticed Robin
  3471 | D:4      | Killed Robin
  3767 | D:4      | Reached XP level 6. HP: 44/53 MP: 6/6
  3771 | D:4      | Reached skill level 6 in Axes
  4131 | D:4      | Noticed Dowan
  4133 | D:4      | Found the +18 Lear's hauberk
  4134 | D:4      | Noticed Duvessa
  4137 | D:4      | Killed Dowan
  4143 | D:4      | HP: 1/55 [Duvessa/+0 short sword (11)]
  4144 | D:4      | Killed Duvessa
  4145 | D:4      | Reached skill level 5 in Fighting
  4145 | D:4      | Reached skill level 1 in Dodging
  4501 | D:4      | Reached skill level 7 in Axes
  4501 | D:4      | Reached XP level 7. HP: 61/61 MP: 7/7
  4508 | D:4      | Noticed Ijyb
  4511 | D:4      | Noticed Sigmund
  4518 | D:4      | Killed Ijyb
  4531 | D:4      | Killed Sigmund
  4617 | D:4      | Reached skill level 5 in Armour
  4875 | D:4      | Found a runed translucent door.
  4876 | D:4      | Noticed Crazy Yiuf
  5097 | D:4      | Found a sparkling altar of Nemelex Xobeh.
  5097 | D:4      | Found a transporter.
  5104 | D:4      | Became a worshipper of Nemelex Xobeh the Trickster
  5161 | D:4      | Reached skill level 8 in Axes
  5299 | D:4      | Killed Crazy Yiuf
  5493 | D:5      | Entered Level 5 of the Dungeon
  5519 | D:5      | Reached XP level 8. HP: 69/69 MP: 8/8
  5595 | D:5      | Found a staircase to the Ecumenical Temple.
  5712 | D:5      | Found a runed translucent door.
  5718 | D:5      | Noticed NickelLess's ghost (novice HOFi)
  5855 | D:5      | Reached skill level 9 in Axes
  6456 | D:5      | Killed NickelLess's ghost
  6457 | D:5      | Reached skill level 10 in Axes
  6457 | D:5      | Reached skill level 5 in Shields
  6457 | D:5      | Reached XP level 9. HP: 75/75 MP: 9/9
  6646 | D:6      | Reached skill level 11 in Axes
  6847 | D:6      | Noticed Menkaure
  6853 | D:6      | Killed Menkaure
  6975 | D:6      | Reached skill level 12 in Axes
  7071 | D:6      | Reached * piety under Nemelex Xobeh
  7369 | D:7      | Found a white marble altar of Elyvilon.
  7405 | D:7      | Found an ancient bone altar of Kikubaaqudgha.
  7469 | D:7      | Found an opulent altar of Gozag.
  7527 | D:7      | Found Zekoul's Book Emporium.
  7604 | D:7      | Found a bloodstained altar of Trog.
  7612 | D:7      | Reached skill level 13 in Axes
  7612 | D:7      | Reached XP level 10. HP: 83/86 MP: 10/10
  7719 | D:7      | Received a gift from Nemelex Xobeh
  7843 | D:7      | Found a radiant altar of Vehumet.
  7863 | D:7      | Found a sacrificial altar of Ru.
  7939 | D:7      | Found Wukeg's Jewellery Shop.
  7997 | D:7      | Found a shimmering blue altar of Sif Muna.
  7997 | D:7      | Found a hide-covered altar of Uskayaw.
  8217 | D:8      | Received a gift from Nemelex Xobeh
  8253 | D:8      | Reached ** piety under Nemelex Xobeh
  9047 | D:8      | Noticed a two-headed ogre
  9052 | D:8      | Killed a two-headed ogre
  9380 | D:9      | Found a hazy altar of Hepliaklqana.
  9492 | D:9      | Found a stormy altar of Qazlal.
  9493 | D:9      | Found an iron altar of Okawaru.
  9494 | D:9      | Identified the amulet of Noef Fos {Faith +Blink Regen+
                  | Int+3 Slay-3}
  9540 | D:9      | Reached skill level 1 in Stealth
  9659 | D:9      | Received a gift from Nemelex Xobeh
  9666 | D:9      | Noticed a two-headed ogre
  9674 | D:9      | Killed a two-headed ogre
  9675 | D:9      | Reached skill level 14 in Axes
  9708 | D:9      | Found a glowing silver altar of Zin.
  9712 | D:9      | Found an ornate altar of the Wu Jian Council.
 10004 | D:10     | Entered Level 10 of the Dungeon
 10022 | D:10     | Reached *** piety under Nemelex Xobeh
 10039 | D:10     | Noticed a death yak
 10039 | D:10     | Noticed a death yak
 10039 | D:10     | Noticed a death yak
 10040 | D:10     | Noticed a death yak
 10040 | D:10     | Noticed a death yak
 10045 | D:10     | Noticed a death yak
 10047 | D:10     | Noticed a death yak
 10055 | D:10     | Noticed an unseen horror
 10058 | D:10     | Killed a death yak
 10070 | D:10     | Killed a death yak
 10071 | D:10     | Reached XP level 11. HP: 22/94 MP: 11/11
 10072 | D:10     | Killed a death yak
 10074 | D:10     | Mangled by a death yak

Illustrated notes

Levels and vault maps discovered:
D:1:      zelgadis_glass_arrival_small, layout_basic,
          hellmonk_ecumenical_altar_leap_of_faith
D:2:      layout_basic, serial_rivers, chequers_serial_rivers_large_b,
          chequers_serial_rivers_large_a, chequers_serial_rivers_micro_d,
          chequers_serial_rivers_room_a, chequers_serial_rivers_small_b
D:3:      layout_basic, kennysheep_cluttered_room
D:4:      kennysheep_goblin_castle, layout_layer_cave, grunt_nemelex_the_gamble,
          serial_glass, glass_columns_b, glass_columns_b, glass_columns_c,
          glass_columns_c, glass_columns_a, glass_columns_a, feat_on_display,
          minmay_misc_feat_square, uniq_duvessa, uniq_ijyb,
          uniq_crazy_yiuf_cottage, uniq_sigmund
D:5:      layout_loops_corners, temple_doors_cd, ebering_ghost_reflecting_pool,
          minmay_misc_feat_hallway
D:6:      layout_rooms, uniq_menkaure
D:7:      layout_rooms, nicolae_elyvilon_temple_path,
          mainiacjoe_overflow_tiny_flanked, trog_ov_bears_minmay,
          nicolae_ru_awakened_eye, chequers_temple_overflow_statue_of_worship,
          gammafunk_temple_overflow_wave, serial_shops, nicolae_shop_stone,
          minmay_shop_enchanted_jewellery, dk_noncrumbling_4,
          minmay_misc_feat_tiny
D:8:      layout_basic
D:9:      layout_cave_pods, nzn_hepliaklqana_mist_gate,
          grunt_temple_overflow_open
D:10:     layout_roguey, kennysheep_little_box,
          mainiacjoe_overflow_cross_hatched, dpeg_lair_monsters,
          zombieorc2_lemuel, nicolae_trove_entry_diagonal, uniq_maurice

Skill      XL: |  1  2  3  4  5  6  7  8  9 10 |
---------------+-------------------------------+-----
Fighting       | 4 5 6 7 8 |  8.4
Axes           | 3 4 5 7 8 10 13 14 | 14.7
Armour         | 4 5 6 7 9 |  9.9
Shields        | 4 5 6 |  6.3
Dodging        | 1 2 |  2.8
Stealth        | 1 |  1.2

Action                   |  1- 3 |  4- 6 |  7- 9 | 10-12 || total
-------------------------+-------+-------+-------+-------++-------
Melee: War axe           |    96 |    98 |   174 |    75 ||   443
  Use: Scroll            |       |    10 |     4 |     3 ||    17
Armor: Scale mail        |    48 |   104 |    20 |       ||   172
       Chain mail        |       |       |   101 |    61 ||   162
Dodge: Dodged            |    69 |    78 |    73 |    33 ||   253
Block: Buckler           |    21 |    29 |    39 |    13 ||   102
